AoeStats
← Freedom Phantom

Arena

508728916Analyzed
1v1 RM · 8d ago on Sep 23, 2026· 48m 21s· 2 players
Game mode
Random Map
Map size
Tiny (2 player)
Population
200
Speed
Normal
Resources
Standard
Victory
Conquest
Starting age
Dark Age
Ending age
Imperial Age
RankedLock teamsTeams togetherTeam positionsShared explorationLock speedFull tech treeHidden civsTurbo modeCheats
Victory
Defeat
🇷🇴 Spanish · Romania
1012
+16
🇬🇧 Vietnamese · United Kingdom
1017
-16
Freedom Phantom
9:37 Loom
11:42 Feudal Age
13:14 Horse Collar
16:42 Castle Age
15:12 Double-Bit Axe
18:45 Bow Saw
18:37 Heavy Plow
26:20 Wheelbarrow
27:51 Bloodlines
27:58 Forging
29:26 Ballistics
29:14 Husbandry
28:41 Light Cavalry
31:54 Scale Barding Armor
34:29 Iron Casting
34:21 Chain Barding Armor
35:25 Hand Cart
34:56 Town Watch
35:46 Thumb Ring
35:06 Elite Skirmisher
38:51 Imperial Age
37:15 Fletching
37:25 Padded Archer Armor
37:26 Scale Mail Armor
37:31 Squires
36:51 Pikeman
39:02 Bodkin Arrow
39:22 Leather Archer Armor
39:20 Cavalier
39:24 Hussar
39:30 Halberdier
41:16 Blast Furnace
40:51 Plate Barding Armor
40:20 Bracer
40:54 Elite Conquistador
41:59 Conscription
TW32gGLAT
11:03 Feudal Age
11:53 Double-Bit Axe
11:48 Horse Collar
18:35 Castle Age
16:56 Gold Mining
16:59 Stone Mining
17:32 Padded Archer Armor
17:23 Fletching
19:32 Wheelbarrow
18:45 Elite Skirmisher
29:37 Bodkin Arrow
29:58 Leather Archer Armor
31:27 Thumb Ring
32:17 Hand Cart
37:37 Imperial Age
36:03 Ballistics
37:54 Elite Rattan Archer
39:40 Paper Money
42:45 Chemistry
Connection lost

Rejoining the realm…

Still unreachable

The connection could not be restored.

Session expired

The server has moved on; the page needs a fresh start.